 Dungeon Crawl Stone Soup version 0.21-a0-404-g291f19a (webtiles) character file.

51 ryw the Magician (level 3, -1/31 HPs)
             Began as a Gnoll Wanderer on Oct 28, 2017.
             Slain by a kobold
             ... wielding a +0 whip
              (2 damage)
             ... on level 2 of the Dungeon.
             The game lasted 00:03:33 (2036 turns).

ryw the Magician (Gnoll Wanderer)                   Turns: 2036, Time: 00:03:34

Health: -1/31      AC:  2    Str: 12 (13) XL:     3   Next: 81%
Magic:  11/11      EV: 12    Int: 10 (13) God:
Gold:   24         SH:  0    Dex: 14 (17) Spells: 16/16 levels left

rFire    . . .     SeeInvis +   e - +0 dagger
rCold    . . .     Gourm    .   (no shield)
rNeg     . . .     Faith    .   d - +0 robe
rPois    .         Spirit   .   (no helmet)
rElec    .         Reflect  .   (no cloak)
rCorr    .         Harm     .   (no gloves)
MR       .....     Rnd*Tele +   (no boots)
Stlth    ++........             (no amulet)
HPRegen  0.10/turn              r - ring of teleportation (curse)
MPRegen  0.12/turn              t - ring of see invisible

@: lethally poisoned (-1 -> -6)
A: distributed training, fangs 1, strong nose
a: no special abilities


You were on level 2 of the Dungeon.
You were not hungry.

You visited 1 branch of the dungeon, and saw 2 of its levels.

You collected 24 gold pieces.

Inventory:

Hand Weapons
 e - a +0 dagger (weapon)
Missiles
 h - 16 arrows
 k - 9 stones (quivered)
Armour
 d - a +0 robe (worn)
Jewellery
 r - a cursed ring of teleportation (left hand)
 t - a ring of see invisible (right hand)
Scrolls
 j - a scroll of identify
 n - a scroll of teleportation
 q - a scroll of fog
Potions
 l - a potion of agility
Books
 a - a book of Flames

   Spells                             Type                      Level
   a - Flame Tongue                   Conjuration/Fire             1
   b - Throw Flame                    Conjuration/Fire             2
   c - Conjure Flame                  Conjuration/Fire             3
   d - Inner Flame                    Hexes/Fire                   3
   e - Sticky Flame                   Conjuration/Fire             4
   f - Fireball                       Conjuration/Fire             5
 b - Poseusy's Reference Book on the Blaze

   Spells                             Type                      Level
   a - Flame Tongue                   Conjuration/Fire             1
   b - Conjure Flame                  Conjuration/Fire             3
Comestibles
 f - a bread ration
 i - a royal jelly
 o - 3 fruits
 p - a meat ration


   Skills:
 + Level 4.5 Fighting
 + Level 0.9 Short Blades
 + Level 0.9 Long Blades
 + Level 0.9 Axes
 + Level 0.9 Maces & Flails
 + Level 0.9 Polearms
 + Level 0.9 Staves
 + Level 0.9 Slings
 + Level 0.9 Bows
 + Level 0.9 Crossbows
 + Level 0.9 Throwing
 + Level 0.9 Armour
 + Level 0.9 Dodging
 + Level 0.9 Stealth
 + Level 2.6 Shields
 + Level 2.6 Unarmed Combat
 + Level 7.1 Spellcasting
 + Level 0.6 Conjurations
 + Level 0.6 Hexes
 + Level 0.6 Charms
 + Level 0.6 Summonings
 + Level 0.6 Necromancy
 + Level 0.6 Translocations
 + Level 0.6 Transmutations
 + Level 3.8 Fire Magic
 + Level 0.6 Ice Magic
 + Level 0.6 Air Magic
 + Level 0.6 Earth Magic
 + Level 0.6 Poison Magic
 + Level 1.0 Invocations
 + Level 2.6 Evocations


You had 16 spell levels left.
You didn't know any spells.

Dungeon Overview and Level Annotations

Branches:
Dungeon (2/15)

Altars:


Innate Abilities, Weirdness & Mutations

Your experience applies equally to all skills.
You have very sharp teeth.
Your uncanny sense of smell can sniff out nearby items.


Message History

The kobold is moderately wounded.
The kobold hits you with a whip.
* * * LOW HITPOINT WARNING * * *
You hit the kobold. Your bite misses the kobold.
The kobold is severely wounded.
You feel sick. The kobold hits you with a whip.
* * * LOW HITPOINT WARNING * * *
You closely miss the kobold.
The kobold is severely wounded.
The kobold hits you with a whip.
* * * LOW HITPOINT WARNING * * *
You hit the kobold but do no damage. You bite the kobold, but do no damage.
The kobold is severely wounded.
* * * LOW HITPOINT WARNING * * *
You feel sick. The kobold closely misses you.
It was a potion of degeneration.
There was something very wrong with that liquid.
You feel weakened.
You feel dopey.
You feel clumsy. The kobold hits you with a whip.
You die...

... #.#. ...
#.#. ..# #...
..# ##### $. .
...... .# ..#
######
###.#..=.# #
#K.......# #
#@#.###### #
#(#.l. #
#.#############
#....รท.........
#######......#
#......#
#......#
#......#
#......#


You could see a kobold.

Vanquished Creatures
  2 adders (D:2)
  A dart slug (D:1)
  7 bats
  2 giant cockroaches
  5 goblins (D:1)
  4 hobgoblins
  A frilled lizard (D:2)
  2 kobolds
  8 rats
32 creatures vanquished.

Notes
Turn   | Place    | Note
-------+----------+-------------------------------------------
     0 | D:1      | ryw the Gnoll Wanderer began the quest for the Orb.
     0 | D:1      | ryw set off with: a book of Flames, Poseusy's Reference Book on the Blaze, a potion of curing, a +0 robe, a +0 dagger, a bread ration
     0 | D:1      | Reached XP level 1. HP: 20/20 MP: 8/8
   371 | D:1      | Reached XP level 2. HP: 23/26 MP: 10/10
  1076 | D:1      | Reached XP level 3. HP: 31/31 MP: 11/11
  1815 | D:2      | Reached skill level 1 in Invocations
  2035 | D:2      | HP: 1/31 [poisoned by an adder]
  2036 | D:2      | Slain by a kobold

Vault maps used:
D:1:      tarquinn_simple_flora_water_a

Skill      XL: |  1  2  3 |
---------------+----------+-----
Invocations    | 1 |  1.0
Fighting       | |  4.5
Short Blades   | |  0.9
Long Blades    | |  0.9
Axes           | |  0.9
Maces & Flails | |  0.9
Polearms       | |  0.9
Staves         | |  0.9
Slings         | |  0.9
Bows           | |  0.9
Crossbows      | |  0.9
Throwing       | |  0.9
Armour         | |  0.9
Dodging        | |  0.9
Stealth        | |  0.9
Shields        | |  2.6
Unarmed Combat | |  2.6
Spellcasting   | |  7.1
Conjurations   | |  0.6
Hexes          | |  0.6
Charms         | |  0.6
Summonings     | |  0.6
Necromancy     | |  0.6
Translocations | |  0.6
Transmutations | |  0.6
Fire Magic     | |  3.8
Ice Magic      | |  0.6
Air Magic      | |  0.6
Earth Magic    | |  0.6
Poison Magic   | |  0.6
Evocations     | |  2.6

Action                   || total
-------------------------++-------
Melee: Dagger            ||   188
       Bite              ||    22
       Punch             ||     3
Throw: Stone             ||     5
  Use: Scroll            ||     6
       Potion            ||     2
 Stab: Sleeping          ||     3
  Eat: Chunk             ||     4
Armor: Robe              ||    51
Dodge: Dodged            ||   120

Table legend:
 A = Spawn XP
 B = Non-spawn XP
 C = Spawn XP percentage of total XP
 D = Spawn monster count
 E = Non-spawn monster count
 F = Spawn count percentage of total count
 G = Total turns spent on level
                    A         B        C        D         E        F      G
               +---------+---------+-------+---------+---------+-------+---------
         Total |       0 |      73 |   0.0 |       0 |      32 |   0.0 |  2036
               +---------+---------+-------+---------+---------+-------+---------
           D:1 |       0 |      35 |   0.0 |       0 |      23 |   0.0 |  1158
           D:2 |       0 |      38 |   0.0 |       0 |       9 |   0.0 |   878
               +---------+---------+-------+---------+---------+-------+---------
